 Dungeon Crawl Stone Soup version 0.31-a0-364-gb59cdcccf2 (webtiles) character file.

Game seed: 6622098702160112324

203625 floatRand the Bludgeoner (level 18, -8/196 HPs)
             Began as an Ogre Cinder Acolyte on July 27, 2023.
             Was a High Priest of Sif Muna.
             Mangled by a tengu reaver
             ... wielding a +0 bardiche
              (20 damage)
             ... on level 1 of the Vaults.
             The game lasted 01:05:45 (41986 turns).

floatRand the Bludgeoner (Ogre Cinder Acolyte)     Turns: 41986, Time: 01:05:46

Health: -8/196     AC:  8    Str: 29    XL:     18   Next: 62%
Magic:  33/41      EV:  9    Int: 20    God:    Sif Muna [*****.]
Gold:   171        SH:  0    Dex:  7    Spells: 18/38 levels left

rFire   + . .        E - +8 giant club (spect)
rCold   + . .        (shield currently unavailable)
rNeg    . . .        o - +2 robe {rC+ rF+}
rPois   .            i - +0 hat
rElec   +            D - +2 cloak {Stlth+}
rCorr   +            (gloves unavailable)
SInv    .            (boots unavailable)
Will    +....        m - amulet of magic regeneration
Stlth   ++++         j - ring "Holamoo" {MP+9 Int+2 Dex+3}
HPRegen 0.52/turn    L - ring of Maollur {Drain rElec rCorr Str+6 Int-3}
MPRegen 0.67/turn

%: no passive effects
@: lethally poisoned (-8 -> -39), studying Axes
A: large, unfitting armour, tough skin 1
}: 1/15 runes: barnacled
a: Renounce Religion, Channel Magic, Forget Spell, Divine Exegesis


You were on level 1 of the Vaults.
You worshipped Sif Muna.
Sif Muna was extremely pleased with you.
You visited 6 branches of the dungeon, and saw 28 of its levels.
You visited 1 bazaar.
You also visited: Gauntlet and Ice Cave.

You collected 3244 gold pieces.
You spent 3073 gold pieces at shops.

Inventory:

Hand Weapons
 y - a +1 heavy giant spiked club
 E - a +8 spectral giant club (weapon)
 J - a +0 giant spiked club of draining
Missiles
 b - 5 throwing nets
Armour
 a - +1 fire dragon scales
 i - a +0 hat (worn)
 n - +1 acid dragon scales
 o - a +2 robe of resistance (worn)
 D - a +2 cloak of stealth (worn)
Jewellery
 j - the ring "Holamoo" (left hand) {MP+9 Int+2 Dex+3}
   (You found it on level 2 of the Shoals)

   [ring of magical power]

   Int:       It affects your intelligence (+2).
   Dex:       It affects your dexterity (+3).
   MP:        It affects your magic capacity (+9).
 k - a ring of ice
 m - an amulet of magic regeneration (around neck)
 z - an amulet of the acrobat
 K - a ring of protection from fire
 L - the ring of Maollur (right hand) {Drain rElec rCorr Str+6 Int-3}
   (You found it in a Gauntlet)

   [ring of strength]

   Str:       It affects your strength (+6).
   Int:       It affects your intelligence (-3).
   rElec:     It insulates you from electricity.
   rCorr:     It protects you from acid and corrosion.
   Drain:     It drains your maximum health when unequipped.
 Q - a ring of see invisible
 S - a +5 ring of evasion
 U - a ring of magical power
Wands
 s - a wand of roots (40)
 x - a wand of flame (56)
 A - a wand of polymorph (10)
 G - a wand of paralysis (31)
 H - a wand of mindburst (13)
 N - a wand of digging (11)
Scrolls
 c - 2 scrolls of amnesia
 f - 14 scrolls of teleportation
 h - 2 scrolls of vulnerability
 u - 2 scrolls of fog
 B - 6 scrolls of poison
 C - a scroll of summoning
 P - 4 scrolls of fear
 R - a scroll of silence
 V - 5 scrolls of blinking
Potions
 d - 3 potions of cancellation
 e - 7 potions of lignification
 g - 3 potions of might
 l - 8 potions of brilliance
 p - 3 potions of ambrosia
 q - 19 potions of curing
 r - 2 potions of berserk rage
 t - a potion of resistance
 v - 6 potions of attraction
 w - 4 potions of enlightenment
 F - 2 potions of haste
 T - 6 potions of heal wounds
 X - a potion of magic
 Y - 2 potions of invisibility
 Z - 2 potions of mutation
Miscellaneous
 O - a box of beasts
 W - a phial of floods


   Skills:
 + Level 16.1 Fighting
 * Level 17.8 Maces & Flails
 - Level 2.0 Armour
 - Level 1.6 Dodging
 + Level 6.3 Stealth
 - Level 10.7 Spellcasting
 + Level 14.0 Translocations
 - Level 11.1 Fire Magic
 + Level 11.1 Invocations


You had 18 spell levels left.
You knew the following spells:

 Your Spells              Type           Power      Damage    Failure   Level
a - Iskenderun's Mystic   Conj/Tloc      38%        2d9       3%          4
b - Flame Wave            Conj/Fire      32%        2d9       7%          4
c - Sticky Flame          Conj/Fire      32%        2d5       7%          4
d - Wereblood             Tmut           10%        N/A       10%         2
e - Blink                 Tloc           100%       N/A       1%          2
f - Manifold Assault      Tloc           61%        N/A       1%          4

Your spell library contained the following spells:

 Spells                   Type           Power      Damage    Failure   Level
 Lesser Beckoning         Tloc           100%       N/A       1%          2
 Scorch                   Fire           100%       2d9       1%          2
 Gell's Gravitas          Tloc           61%        N/A       1%          3
 Inner Flame              Hex/Fire       32%        N/A       1%          3
 Portal Projectile        Hex/Tloc       76%        N/A       1%          3
 Teleport Other           Tloc           61%        N/A       1%          3
 Volatile Blastmotes      Fire/Tloc      100%       2d18      1%          3
 Passage of Golubria      Tloc           61%        N/A       1%          4
 Freeze                   Ice            40%        1d6       6%          1
 Kiss of Death            Conj/Necr      40%        2d8       6%          1
 Magic Dart               Conj           40%        1d5       6%          1
 Necrotise                Necr           40%        1d6       6%          1
 Shock                    Conj/Air       40%        1d5       6%          1
 Slow                     Hex            40%        N/A       6%          1
 Sting                    Tmut/Pois      40%        1d5       6%          1
 Summon Small Mammal      Summ           40%        N/A       6%          1
 Poisonous Vapours        Pois/Air       20%        N/A       10%         2
 Sublimation of Blood     Necr           10%        N/A       10%         2
 Call Canine Familiar     Summ           10%        N/A       19%         3
 Confusing Touch          Hex            10%        N/A       19%         3
 Dazzling Flash           Conj/Hex       20%        N/A       19%         3
 Frozen Ramparts          Ice            20%        1d4       19%         3
 Hailstorm                Conj/Ice       10%        3d5       19%         3
 Ozocubu's Armour         Ice            10%        N/A       19%         3
 Stone Arrow              Conj/Erth      20%        3d8       19%         3
 Summon Guardian Golem    Hex/Summ       10%        N/A       19%         3
 Swiftness                Air            10%        N/A       19%         3
 Tukima's Dance           Hex            10%        N/A       19%         3
 Vampiric Draining        Necr           10%        2d6       19%         3
 Airstrike                Air            5%         2d(1-17)  54%         4
 Anguish                  Hex/Necr       5%         N/A       54%         4
 Animate Armour           Summ/Erth      20%        N/A       54%         4
 Animate Dead             Necr           10%        N/A       54%         4
 Cause Fear               Hex            5%         N/A       54%         4
 Dispel Undead            Necr           10%        3d9       54%         4
 Fulminant Prism          Conj/Hex       5%         3d7       54%         4
 Leda's Liquefaction      Hex/Erth       5%         N/A       54%         4
 Olgreb's Toxic Radiance  Pois           10%        N/A       54%         4
 Petrify                  Tmut/Erth      10%        N/A       54%         4
 Borgnjor's Vile Clutch   Necr/Erth      5%         N/A       87%         5
 Irradiate                Conj/Tmut      5%         3d13      87%         5
 Metabolic Englaciation   Hex/Ice        5%         N/A       87%         5
 Silence                  Hex/Air        5%         N/A       87%         5
 Yara's Violent Unravell  Hex/Tmut       5%         3d4       87%         5
 Death Channel            Necr           5%         N/A       100%        6
 Simulacrum               Ice/Necr       5%         N/A       100%        6
 Enfeeble                 Hex            5%         N/A       100%        7
 Lehudib's Crystal Spear  Conj/Erth      5%         10d3      100%        8
 Death's Door             Necr           5%         N/A       100%        9


Dungeon Overview and Level Annotations

Branches:
Dungeon (15/15)            Temple (1/1) D:5            Lair (5/5) D:9
 Shoals (4/4) Lair:2        Snake (0/4) Lair:2        Slime (0/5) Lair:4
    Orc (2/2) D:12            Elf (0/3) Orc:2        Vaults (1/5) D:14
 Depths (0/4) D:15          IceCv (visited)         Gauntlet (visited)

Altars:
Ashenzari
Cheibriados
Dithmenos
Elyvilon
Fedhas
Gozag
Hepliaklqana
Kikubaaqudgha
Makhleb
Nemelex Xobeh
Okawaru
Qazlal
Ru
Sif Muna
Trog
Uskayaw
Vehumet
Wu Jian
Xom
Yredelemnul
Zin
The Shining One
Jiyva
Lugonu

Shops:
Orc:2 (=!:   Shoals:1 (   Shoals:2 !   Shoals:3 (!

Portals:
Abyss: Lair:5

Annotations:
Lair:1 3 runed translucent doors, Luitrem's ghost, novice DrSh
Shoals:2 1 runed translucent door, Leytok's ghost, adept GnFi


Innate Abilities, Weirdness & Mutations

You are too large for most types of armour.
You have tough skin. (AC +1)


Message History

The tengu reaver claws you!
Things that are here:
a +0 dire flail; a +0 chain mail Unknown command.
Space momentarily warps into an impossible shape!
You sock the tengu reaver!
Your +8 spectral giant club misses the tengu reaver.
The tengu reaver casts a spell at you. The bolt of poison hits you!!!
You are poisoned.
* * * LOW HITPOINT WARNING * * *
You hit the tengu reaver.
The tengu reaver is severely wounded.
Your +8 spectral giant club hits the tengu reaver!!
You feel very sick.
Unknown command.
You hit the tengu reaver.
The tengu reaver is almost dead.
Your +8 spectral giant club closely misses the tengu reaver.
You feel very sick.
The tengu reaver hits you with a +0 bardiche!!
* * * LOW HITPOINT WARNING * * *
The tengu reaver pecks you.
* * * LOW HITPOINT WARNING * * *
The tengu reaver claws you but does no damage.
Unknown command.
You miss the tengu reaver.
The tengu reaver is almost dead.
Your +8 spectral giant club barely misses the tengu reaver.
You feel very sick.
The tengu reaver points at you and mumbles some strange words.
The bolt of poison hits you!!
You are lethally poisoned!
* * * LOW HITPOINT WARNING * * *
You feel much better.
Your +8 spectral giant club disappears.
* * * LOW HITPOINT WARNING * * *
You feel extremely sick.
The tengu reaver hits you with a +0 bardiche!!
You die...

...............
#########'########
.................#
.................#
..##+##'#####'#..#
#..#..'..#..#
#.)#..#..#..#
#'#####'##..#
#@.(..#..#..#
#Q.(..#).#..# #..
#.)#/.####..# #..#
#..?..#..#..# #..#
#.....#..#..#
#..###########'#..# ##
#..#.)#.)'..#..#..# ###.
#..#..#..#..#.)'..###...
#..##'##'#######..#.....


You could see a tengu reaver.

Vanquished Creatures
  Mlioglotl (Shoals:1)
  2 krakens
  Polyphemus (Shoals:3)
  Kirke (Shoals:4)
  2 vault wardens (Vaults:1)
  4 ironbound preservers (Vaults:1)
  A stone giant (Vaults:1)
  A minotaur (Gauntlet)
  A dire elephant (D:15)
  A deep elf annihilator (Vaults:1)
  A bunyip (shapeshifter) (Lair:5)
  8 merfolk impalers
  The ghost of Sermion the Cleaver, a journeyman DsBe of Trog (D:14)
  3 merfolk javelineers
  A great orb of eyes (Vaults:1)
  The ghost of Samael12321 the Frost Mage, a journeyman OpIE of Sif Muna (Orc:2)
  2 yaktaur captains (Vaults:1)
  Harold (D:9)
  A rakshasa (D:15)
  4 vault guards (D:14)
  11 centaur warriors
  2 hydras
  An ironbound frostheart (Vaults:1)
  3 ogre magi
  Erolcha (Orc:2)
  4 merfolk avatars
  4 alligator snapping turtles
  7 catoblepae
  4 merfolk aquamancers
  6 boulder beetles
  2 tengu warriors
  17 death yaks
  8 two-headed ogres
  7 satyrs
  4 thrashing horrors (Lair:5)
  3 orc high priests
  Urug (Lair:2)
  A skeletal warrior (D:14)
  5 skysharks
  12 deep trolls (Vaults:1)
  A fire crab (D:13)
  A sixfirhy (Gauntlet)
  14 sea snakes
  4 ironbound convokers (Vaults:1)
  2 lindwurms (Vaults:1)
  A necromancer (Lair:5)
  An orange crystal statue (Shoals:2)
  5 orc knights
  11 harpies
  2 wizards (Vaults:1)
  22 ugly things
  9 orc sorcerers (Orc:2)
  2 deep elf pyromancers
  19 fauns
  11 manticores
  13 cyclopes
  A wolf spider (D:15)
  7 elephants
  7 merfolk sirens
  7 water nymphs
  2 torpor snails
  7 black mambas
  A guardian serpent (shapeshifter) (D:13)
  3 ice statues (IceCv)
  9 cane toads
  A smoke demon (Gauntlet)
  Psyche (D:9)
  An unseen horror (D:10)
  Maggie (D:8)
  9 komodo dragons
  5 kobold demonologists (D:13)
  6 rime drakes
  An anaconda simulacrum (IceCv)
  3 yaktaurs (Vaults:1)
  2 ice devils (D:13)
  5 trolls
  2 freezing wraiths
  3 polar bears
  3 meliai (D:13)
  23 merfolk
  A meliai (shapeshifter) (Lair:5)
  A hornet (D:10)
  18 blink frogs
  A blink frog (shapeshifter) (D:13)
  A raiju (shapeshifter) (Lair:5)
  A raiju (Lair:5)
  8 wind drakes
  A large abomination (Lair:5)
  12 slime creatures
  4 dream sheep (Lair:4)
  11 snapping turtles
  2 centaur simulacra
  Sigmund (D:5)
  10 flying skulls (Gauntlet)
  3 vampires
  2 spriggans (Lair:5)
  2 wraiths
  11 water elementals
  35 yaks
  3 ynoxinuls (Lair:5)
  18 fire elementals
  6 wyverns
  8 small abominations (Lair:5)
  5 vampire mosquitoes (D:12)
  7 basilisks
  A death yak simulacrum (IceCv)
  4 wargs
  A harpy simulacrum (IceCv)
  3 acid dragons
  A hydra simulacrum (IceCv)
  24 water moccasins
  A sky beast (shapeshifter) (D:15)
  An ice beast (D:7)
  14 orc warriors
  11 ogres
  3 black bears
  11 wolves
  3 boggarts (Vaults:1)
  3 centaurs
  5 kobold brigands
  A gnoll sergeant (D:9)
  10 bullfrogs
  7 scorpions
  13 wights
  An elephant simulacrum (IceCv)
  10 killer bees
  8 howler monkeys
  2 electric eels
  3 crimson imps (Gauntlet)
  5 hounds
  14 jellies
  20 orc priests
  3 iguanas
  2 gnoll boudas
  33 orc wizards
  4 hell rats (Lair:5)
  4 polar bear simulacra
  A yak simulacrum (Lair:5)
  5 wolf simulacra
  25 gnolls
  10 adders
  9 river rats (D:8)
  A shadow imp (D:6)
  2 white imps
  4 ufetubi
  2 dart slugs
  68 orcs
  5 ball pythons
  6 endoplasms
  2 giant cockroaches
  3 goblins
  15 hobgoblins
  6 jackals
  65 kobolds
  7 quokkas
  5 bats
  3 frilled lizards
  21 rats
  3 river rat simulacra (Lair:5)
  A butterfly (Lair:1)
  4 tentacles
1040 creatures vanquished.

Vanquished Creatures (others)
  4 humans
  14 spectral weapons
  4 tentacles
22 creatures vanquished.

Grand Total: 1062 creatures vanquished

Notes
Turn   | Place    | Note
-------+----------+-------------------------------------------
     0 | D:1      | floatRand the Ogre Cinder Acolyte began the quest for the
                  | Orb.
     0 | D:1      | Reached XP level 1. HP: 24/24 MP: 2/2
   431 | D:1      | Found a faded altar of an unknown god.
   446 | D:1      | Reached XP level 2. HP: 30/32 MP: 3/3
   457 | D:1      | Learned a level 2 spell: Scorch
  1193 | D:2      | Reached skill level 3 in Maces & Flails
  1222 | D:2      | Reached XP level 3. HP: 36/39 MP: 4/4
  1258 | D:2      | Found a radiant altar of Vehumet.
  2019 | D:3      | Reached XP level 4. HP: 38/48 MP: 7/7
  2857 | D:3      | Reached XP level 5. HP: 49/54 MP: 9/9
  2897 | D:3      | Noticed a kobold brigand
  2931 | D:3      | Killed a kobold brigand
  3221 | D:3      | Reached XP level 6. HP: 62/62 MP: 10/10
  3303 | D:3      | Identified the +8 short sword of Nuli {speed, rElec}
  4144 | D:4      | Reached skill level 5 in Fire Magic
  4144 | D:4      | Reached XP level 7. HP: 71/71 MP: 13/13
  4328 | D:4      | Reached skill level 4 in Maces & Flails
  5051 | D:5      | Entered Level 5 of the Dungeon
  5070 | D:5      | Found a staircase to the Ecumenical Temple.
  5092 | D:5      | Noticed Sigmund
  5097 | D:5      | Killed Sigmund
  5163 | D:5      | Reached skill level 5 in Spellcasting
  5166 | D:5      | Reached XP level 8. HP: 73/79 MP: 7/15
  5366 | D:5      | HP: 1/79 [iguana (3)]
  5380 | D:5      | Reached skill level 1 in Dodging
  7020 | D:6      | Reached skill level 5 in Maces & Flails
  7073 | D:6      | Reached skill level 1 in Armour
  7462 | D:6      | Reached XP level 9. HP: 85/85 MP: 18/18
  8108 | D:7      | Reached skill level 6 in Maces & Flails
  8113 | D:7      | HP: 3/87 [gnoll/+0 halberd (8)]
  8399 | D:7      | Reached skill level 5 in Fighting
  9573 | D:7      | Learned a level 4 spell: Flame Wave
  9578 | D:7      | Learned a level 4 spell: Sticky Flame
  9628 | D:8      | Reached XP level 10. HP: 60/96 MP: 16/22
  9804 | D:8      | Identified the +0 hand axe of Putrescence {drain, rN+}
  9926 | D:8      | Noticed Maggie
  9933 | D:8      | Killed Maggie
 10013 | D:8      | Noticed a two-headed ogre
 10027 | D:8      | Killed a two-headed ogre
 10028 | D:8      | Reached skill level 7 in Maces & Flails
 10162 | D:8      | Identified a scroll of acquirement
 10163 | D:8      | Acquired a +4 spectral giant club
 10607 | D:8      | Found a radiant altar of Vehumet.
 11310 | D:9      | Noticed Psyche
 11313 | D:9      | Killed Psyche
 11428 | D:9      | Found a basalt altar of Yredelemnul.
 11543 | D:9      | Found a staircase to the Lair.
 11643 | D:9      | Noticed Harold
 11660 | D:9      | Killed Harold
 11661 | D:9      | Reached skill level 8 in Maces & Flails
 11661 | D:9      | Reached XP level 11. HP: 47/109 MP: 24/24
 11837 | D:9      | Noticed a two-headed ogre
 11853 | D:9      | Killed a two-headed ogre
 12342 | D:10     | Entered Level 10 of the Dungeon
 12342 | D:10     | Noticed a cyclops
 12350 | D:10     | Killed a cyclops
 12351 | D:10     | Reached skill level 10 in Fire Magic
 12557 | D:10     | Learned a level 2 spell: Wereblood
 13032 | D:10     | Found an ancient bone altar of Kikubaaqudgha.
 13377 | D:11     | Noticed a manticore
 13384 | D:11     | Killed a manticore
 13760 | D:11     | Noticed a cyclops
 13772 | D:11     | Killed a cyclops
 13773 | D:11     | Reached skill level 9 in Maces & Flails
 14093 | D:11     | Noticed a two-headed ogre
 14100 | D:11     | Killed a two-headed ogre
 14465 | D:11     | Found a stormy altar of Qazlal.
 14874 | Lair:1   | Entered Level 1 of the Lair of Beasts
 15268 | Lair:1   | Reached skill level 10 in Spellcasting
 15342 | Lair:1   | Found a runed translucent gate.
 15344 | Lair:1   | Found a runed translucent gate.
 15344 | Lair:1   | Found a runed translucent gate.
 15430 | Lair:1   | Noticed Luitrem's ghost (novice DrSh)
 15431 | Lair:1   | Noticed a minotaur
 15532 | Lair:1   | Reached XP level 12. HP: 82/122 MP: 26/26
 16151 | Lair:2   | Found a staircase to the Shoals.
 16151 | Lair:2   | Found a staircase to the Snake Pit.
 16316 | Lair:2   | Learned a level 2 spell: Blink
 16321 | Lair:2   | Learned a level 4 spell: Manifold Assault
 16565 | Lair:2   | Reached skill level 1 in Translocations
 16578 | Lair:2   | Reached skill level 10 in Maces & Flails
 17155 | Lair:2   | Noticed a catoblepas
 17242 | Lair:2   | Killed a catoblepas
 17707 | Lair:2   | Noticed a catoblepas
 17707 | Lair:2   | Noticed a skyshark
 17707 | Lair:2   | Noticed a five-headed hydra
 17714 | Lair:2   | Killed a five-headed hydra
 17716 | Lair:2   | Killed a skyshark
 17717 | Lair:2   | Reached skill level 5 in Translocations
 17736 | Lair:2   | HP: 3/123 [catoblepas/blast of calcifying dust (11)]
 17752 | Lair:2   | HP: 4/123 [something/blast of calcifying dust (6)]
 18068 | Lair:2   | Killed a catoblepas
 18325 | Lair:2   | Noticed a death yak
 18455 | Lair:2   | Noticed Urug
 18487 | Lair:2   | Killed a death yak
 18743 | Lair:2   | Killed Urug
 18744 | Lair:2   | Reached skill level 11 in Maces & Flails
 19080 | Lair:2   | Reached XP level 13. HP: 127/131 MP: 27/27
 19697 | Lair:2   | Reached skill level 10 in Fighting
 21001 | Lair:4   | Found a viscous altar of Jiyva.
 21013 | Lair:4   | Found a staircase to the Slime Pits.
 21643 | Lair:4   | Reached skill level 12 in Maces & Flails
 22745 | Lair:5   | Entered Level 5 of the Lair of Beasts
 22808 | Lair:5   | Reached XP level 14. HP: 76/146 MP: 3/28
 23648 | Lair:5   | Reached skill level 10 in Translocations
 24131 | Lair:5   | Reached skill level 13 in Maces & Flails
 24836 | Lair:5   | Identified the ring of Elutedd {*Slow rC+ AC+4 Slay+2}
 25096 | Lair:5   | Found a corrupted altar of Lugonu.
 25096 | Lair:5   | Found a one-way gate to the infinite horrors of the Abyss.
 25104 | Lair:5   | Identified the +0 leather armour of Sloth {Stlth+}
 25677 | D:12     | Found a gate leading to a gauntlet.
 25693 | Gauntlet | Entered a Gauntlet
 25693 | Gauntlet | Found a transporter.
 25697 | Gauntlet | Found a transporter.
 25699 | Gauntlet | Reached XP level 15. HP: 158/158 MP: 22/29
 25708 | Gauntlet | Found a transporter.
 25727 | Gauntlet | Found a runed translucent door.
 25730 | Gauntlet | Found a transporter.
 25789 | Gauntlet | Found a transporter.
 25789 | Gauntlet | Found a transporter.
 25791 | Gauntlet | Found a transporter.
 25843 | Gauntlet | Found a transporter.
 25922 | Gauntlet | Identified the ring of Maollur {Drain rElec rCorr Str+6
                  | Int-3}
 26183 | Gauntlet | Identified the +7 war axe of Duty {protect, rF+}
 26183 | Gauntlet | Identified the amulet "Ebre" {Spirit rElec}
 26380 | Temple   | Entered the Ecumenical Temple
 26401 | Temple   | Fell from the grace of Ignis
 26401 | Temple   | Became a worshipper of Sif Muna the Loreminder
 26763 | D:12     | You fall into a shaft and drop 2 floors!
 26834 | D:13     | Reached skill level 14 in Maces & Flails
 26838 | D:13     | Found a frozen archway.
 26849 | IceCv    | Entered an ice cave
 26920 | IceCv    | Reached skill level 1 in Invocations
 27189 | IceCv    | Got Plog's Volume of Displacement
 27503 | D:13     | Found a transporter.
 27671 | D:13     | Found a transporter.
 27675 | D:13     | Reached * piety under Sif Muna
 27817 | D:13     | You fall into a shaft and drop 2 floors!
 27817 | D:15     | Entered Level 15 of the Dungeon
 28169 | D:14     | Found a gate to the Vaults.
 28181 | D:14     | Reached ** piety under Sif Muna
 28796 | D:13     | Reached skill level 5 in Invocations
 28799 | D:13     | You fall into a shaft and drop 2 floors!
 29918 | D:14     | Found a runed translucent gate.
 29918 | D:14     | Noticed Sermion's ghost (journeyman DsBe)
 29919 | D:14     | Found a runed translucent gate.
 29919 | D:14     | Identified the +0 chain mail of the Journeyman {rF+ Int-2
                  | Dex+10}
 29920 | D:14     | Found a runed translucent gate.
 30083 | D:14     | Was forgiven by Ignis
 30727 | D:14     | Identified the +3 scale mail of Heuhu {rC+}
 30745 | D:14     | Reached XP level 16. HP: 105/172 MP: 20/30
 30752 | D:14     | Reached skill level 15 in Maces & Flails
 30753 | D:14     | Killed Sermion's ghost
 30869 | D:14     | Identified the scarf of the Comet {repulsion, +Blink Str+4
                  | Int+2 Dex-5}
 31271 | D:15     | Found a staircase to the Depths.
 32419 | D:12     | Found a staircase to the Orcish Mines.
 32919 | Orc:1    | Entered Level 1 of the Orcish Mines
 32922 | Orc:1    | Reached *** piety under Sif Muna
 33239 | Orc:2    | Entered Level 2 of the Orcish Mines
 33340 | Orc:2    | Reached skill level 1 in Stealth
 33578 | Orc:2    | Reached **** piety under Sif Muna
 33581 | Orc:2    | Found a large runed translucent door.
 33583 | Orc:2    | Found a large runed translucent door.
 33636 | Orc:2    | Noticed Samael12321's ghost (journeyman OpIE)
 33649 | Orc:2    | Killed Samael12321's ghost
 33797 | Orc:2    | Found Uchavapp's Antique Weapon Boutique.
 33828 | Orc:2    | Found Jusiwn's Distillery.
 33848 | Orc:2    | Found a radiant altar of Vehumet.
 33849 | Orc:2    | Noticed Erolcha
 33852 | Orc:2    | Killed Erolcha
 33949 | Orc:2    | Found a staircase to the Elven Halls.
 34185 | Orc:2    | Found an ancient bone altar of Kikubaaqudgha.
 34209 | Orc:2    | Learned a level 4 spell: Iskenderun's Mystic Blast
 34273 | Orc:2    | Found Gaelaypu's Book Boutique.
 34294 | Orc:2    | Found Fomageq's Jewellery Shop.
 34725 | Shoals:1 | Entered Level 1 of the Shoals
 34725 | Shoals:1 | Found Vitzih's Weapon Boutique.
 35027 | Orc:2    | Bought a potion of magic for 88 gold pieces
 35027 | Orc:2    | Bought a potion of invisibility for 88 gold pieces
 35027 | Orc:2    | Bought a potion of mutation for 88 gold pieces
 35027 | Orc:2    | Bought a potion of heal wounds for 55 gold pieces
 35027 | Orc:2    | Bought a potion of curing for 33 gold pieces
 35027 | Orc:2    | Bought a potion of curing for 33 gold pieces
 35027 | Orc:2    | Bought a potion of curing for 33 gold pieces
 35027 | Orc:2    | Bought a potion of heal wounds for 55 gold pieces
 35027 | Orc:2    | Bought a potion of curing for 33 gold pieces
 35027 | Orc:2    | Bought a potion of brilliance for 44 gold pieces
 35246 | Shoals:1 | Noticed Mlioglotl
 35260 | Shoals:1 | Killed Mlioglotl
 35821 | Shoals:1 | Noticed a kraken
 35826 | Shoals:1 | Killed a kraken
 35973 | Shoals:2 | Reached skill level 16 in Maces & Flails
 35979 | Shoals:2 | Found Qudar's Distillery.
 35991 | Shoals:2 | Bought a potion of curing for 57 gold pieces
 35991 | Shoals:2 | Bought a potion of heal wounds for 95 gold pieces
 35991 | Shoals:2 | Bought a potion of heal wounds for 95 gold pieces
 35991 | Shoals:2 | Bought a potion of curing for 57 gold pieces
 36024 | Shoals:2 | Found a runed translucent door.
 36025 | Shoals:2 | Noticed Leytok's ghost (adept GnFi)
 36231 | Shoals:2 | Found a transporter.
 36232 | Shoals:2 | Found a transporter.
 36310 | Shoals:2 | Reached XP level 17. HP: 125/182 MP: 31/31
 36546 | Shoals:2 | Identified the ring "Holamoo" {MP+9 Int+2 Dex+3}
 36734 | Shoals:2 | Reached ***** piety under Sif Muna
 36924 | Shoals:3 | Received a gift from Sif Muna
 36925 | Shoals:3 | Got Sif Muna's Tome of Spellbinding Dislocation {god gift}
 36926 | Shoals:3 | Noticed Polyphemus
 36933 | Shoals:3 | Killed Polyphemus
 36934 | Shoals:3 | Found Nelaa's Antique Weapon Shoppe.
 37059 | Shoals:3 | Found Bonotea's Distillery.
 37174 | Shoals:3 | Found a flickering gateway to a bazaar.
 37210 | Bazaar   | Entered a bazaar
 37210 | Bazaar   | Found Naevu's Weapon Boutique.
 37210 | Bazaar   | Found Niadiquhoj's Magic Scroll Boutique.
 37356 | Bazaar   | Bought a scroll of blinking for 67 gold pieces
 37356 | Bazaar   | Bought a scroll of enchant weapon for 67 gold pieces
 37356 | Bazaar   | Bought a scroll of blinking for 67 gold pieces
 37362 | Bazaar   | Found Teoxt's General Store.
 37363 | Bazaar   | Found Okar's Distillery.
 37384 | Bazaar   | Found Qebo's Antique Armour Shoppe.
 37390 | Bazaar   | Bought glowing fire dragon scales for 1764 gold pieces
 37407 | Bazaar   | Bought a scroll of blinking for 67 gold pieces
 37407 | Bazaar   | Bought a scroll of blinking for 67 gold pieces
 37413 | Bazaar   | Bought a potion of heal wounds for 75 gold pieces
 37413 | Bazaar   | Bought a potion of curing for 45 gold pieces
 37520 | Shoals:3 | Noticed a kraken
 37526 | Shoals:3 | Killed a kraken
 37902 | Shoals:4 | Entered Level 4 of the Shoals
 38316 | Shoals:4 | Reached skill level 15 in Fighting
 38334 | Shoals:4 | Reached skill level 10 in Invocations
 38564 | Shoals:4 | Got a barnacled rune of Zot
 38594 | Shoals:4 | Reached skill level 5 in Stealth
 38615 | Shoals:4 | Noticed Kirke
 38624 | Shoals:4 | Killed Kirke
 38625 | Shoals:4 | Reached skill level 17 in Maces & Flails
 39479 | Shoals:4 | Reached XP level 18. HP: 60/193 MP: 10/32
 40647 | Vaults:1 | Entered Level 1 of the Vaults
 40849 | Vaults:1 | Received a gift from Sif Muna
 40856 | Vaults:1 | Got Sif Muna's Folio of Stolen Souls and Concussion {god
                  | gift}
 41985 | Vaults:1 | HP: 5/196 [tengu reaver/bolt of poison (18)]
 41986 | Vaults:1 | Mangled by a tengu reaver

Illustrated notes

Levels and vault maps discovered:
D:1:      dpeg_arrival_concentric_ovals, layout_basic,
          ebering_ecumenical_altar_box
D:2:      layout_basic, basic_altar
D:3:      minmay_goblin_kobold_castle, layout_rooms, kennysheep_generic_room_15
D:4:      layout_loops_ring
D:5:      layout_basic, temple_pool_b, minmay_pentangle, uniq_sigmund
D:6:      layout_basic
D:7:      kennysheep_housing_project, layout_basic, nicolae_figureground_pulse
D:8:      lemuel_ratsnest, layout_cave_pools, mainiacjoe_overflow_brackets,
          uniq_maggie
D:9:      minmay_goldmine, layout_loops_ring, general_overflow_altar,
          grunt_lair_entry_orc_guard_hut, uniq_harold, uniq_psyche
D:10:     layout_long_grid, tgw_kikubaaqudgha
D:11:     layout_long_grid, nicolae_qazlal_style_of_elements
D:12:     layout_gridville, orc_0_dummy, gauntlet_entry_generic
D:13:     gammafunk_wand_slinger, layout_loops_ring,
          portal_ice_cave_demonic_guard
D:14:     layout_irregular_city, lightli_vaults_fourway_checkpoint,
          biasface_ghost_orc_armoury, serial_column_ruins,
          column_ruins_open_small, column_ruins_open_small,
          column_ruins_open_large, column_ruins_open_large,
          column_ruins_columns_corner, column_ruins_open_tiny,
          column_ruins_grid_1
D:15:     hangedman_depths_entry_try_elsewhere_first, layout_loops_ring,
          hangedman_decor_peaks_small
Temple:   nicolae_temple_bog_church
Lair:1:   layout_regular_city, maelrawn_ghost_gauntlet_escape,
          nicolae_quartered_pool_super, lemuel_fruit_fields,
          infiniplex_staircase_pool_2, lemuel_fruit_fields
Lair:2:   nzn_winding_woodlands_cross [nzn_winding_woodlands_5x15_default,
          nzn_winding_woodlands_5x15_pool,
          nzn_winding_woodlands_5x15_lazy_stream,
          nzn_winding_woodlands_5x15_split_checker,
          nzn_winding_woodlands_15x15_killbox], layout_gridlike,
          minmay_shoals_entry_beasts, dummy_snake_entry, uniq_urug
Lair:3:   layout_small_grid, serial_rivers, chequers_serial_rivers_micro_d,
          chequers_serial_rivers_micro_a, chequers_serial_rivers_micro_c,
          chequers_serial_rivers_micro_a
Lair:4:   layout_layer_cave, minmay_slime_entry_jelly_boxes,
          chequers_serial_rivers_large_a, lookout_lair_type,
          grunt_forest_small_clearings
Lair:5:   hellmonk_lair_end_abyssal_woods, layout_regular_city,
          eino_house_with_fridge
Shoals:1: layout_shoals, serial_shops, shop, uniq_mlioglotl
Shoals:2: gammafunk_sealed_arena, layout_shoals, serial_shops,
          nicolae_shop_tiny_glass, gammafunk_ghost_grave, abandoned_shop
Shoals:3: layout_shoals, serial_shops, bzr_entry_gold, shop,
          nicolae_shop_peninsula, uniq_polyphemus
Shoals:4: shoals_end_grunt_garden, layout_shoals, uniq_kirke
Orc:1:    layout_caves, david_defended_altar_orc
Orc:2:    kennysheep_orc_mage_school, layout_caves, ebering_ghost_disaster_area,
          bh_open_orc_temple
Vaults:1: vaults_standard_mumra_enter_the_diamond, nicolae_vaults_trapezoid_3,
          v_pattern_3, nicolae_vaults_thirteen_compartments,
          hangedman_vaults_nails, hangedman_vaults_locks, vaults_room_door_hall,
          grunt_vaults_twisty, vaults_room_pools, layout_vaults_chaotic_city

Skill      XL: |  1  2  3  4  5  6  7  8  9 10 11 12 13 14 15 16 17 18 |
---------------+-------------------------------------------------------+-----
Fire Magic     | 3 4 5 6 7 8 9 11 | 11.1
Maces & Flails | 3 4 5 6 8 9 11 12 13 14 16 17 | 17.8
Spellcasting   | 2 3 4 5 6 8 9 10 | 10.7
Dodging        | 1 |  1.6
Armour         | 1 2 |  2.0
Fighting       | 5 7 8 9 11 12 14 15 16 | 16.1
Translocations | 6 9 11 12 13 14 | 14.0
Invocations    | 6 8 10 11 | 11.1
Stealth        | 3 5 6 |  6.3

Action                     |  1- 3 |  4- 6 |  7- 9 | 10-12 | 13-15 | 16-18 || total
---------------------------+-------+-------+-------+-------+-------+-------++-------
  Melee: Mace              |    74 |    58 |       |       |       |       ||   132
         Short sword       |       |     5 |       |       |       |       ||     5
         Giant spiked club |       |       |    79 |     2 |       |       ||    81
         Giant club        |       |       |       |   216 |   939 |  1168 ||  2323
   Cast: Scorch            |    16 |    79 |   206 |   212 |    39 |       ||   552
         Flame Wave        |       |       |       |     1 |       |       ||     1
         Manifold Assault  |       |       |       |       |   473 |   600 ||  1073
         Blink             |       |       |       |       |     1 |     2 ||     3
         Sticky Flame      |       |       |       |       |     1 |       ||     1
 Invoke: Fiery Armour      |       |       |     2 |       |     1 |       ||     3
         Channel Magic     |       |       |       |       |       |     7 ||     7
  Evoke: Wand              |       |       |       |     1 |       |       ||     1
    Use: Scroll            |     1 |     1 |    19 |    12 |     6 |     2 ||    41
         Potion            |       |       |     3 |     1 |     1 |     2 ||     7
   Stab: Petrified         |       |       |       |     2 |       |       ||     2
         Distracted        |       |       |       |       |       |     3 ||     3
         Sleeping          |       |       |       |       |       |     3 ||     3
 Armour: Robe              |    35 |    35 |    19 |       |       |     7 ||    96
         Acid dragon scale |       |       |    87 |    84 |   108 |    53 ||   332
  Dodge: Dodged            |    59 |    62 |   140 |   117 |   109 |    78 ||   565

Table legend: (Time is in decaauts)
 A = Elapsed time spent in this place.
 B = Non-inter-level travel time spent in this place.
 C = Inter-level travel time spent in this place.
 D = Time resting spent in this place.
 E = Time spent auto-exploring this place.
 F = Levels seen in this place.
 G = Mean time per level.
                   A        B        C        D        E       F      G
               +--------+--------+--------+--------+--------+-----+--------+
         Total |  41944 |  40126 |   1818 |   6946 |  25907 |  31 | 1353.0 |
       Dungeon |  21724 |  20554 |   1170 |   2112 |  15219 |  15 | 1448.3 |
        Temple |     43 |     28 |     15 |      0 |      0 |   1 |   43.0 |
          Lair |  10829 |  10504 |    325 |   2377 |   6379 |   5 | 2165.8 |
        Shoals |   5088 |   4931 |    157 |   1674 |   2103 |   4 | 1272.0 |
  Orcish Mines |   1761 |   1613 |    148 |     66 |   1094 |   2 |  880.5 |
        Vaults |   1307 |   1307 |      0 |     50 |   1062 |   1 | 1307.0 |
        Bazaar |    256 |    256 |      0 |    130 |      0 |   1 |  256.0 |
      Ice Cave |    416 |    416 |      0 |    216 |     50 |   1 |  416.0 |
      Gauntlet |    515 |    515 |      0 |    321 |      0 |   1 |  515.0 |
               +--------+--------+--------+--------+--------+-----+--------+

Top non-repeatable levels by time:
  Lair:2: 3137 daAuts
  Lair:4: 2298 daAuts
  Lair:5: 2221 daAuts
    D:13: 1996 daAuts
     D:3: 1988 daAuts
  Lair:1: 1919 daAuts
     D:7: 1905 daAuts
Shoals:4: 1867 daAuts
     D:9: 1670 daAuts
     D:5: 1595 daAuts
    D:14: 1540 daAuts
    D:15: 1533 daAuts
    D:10: 1448 daAuts
   Orc:2: 1436 daAuts
Shoals:3: 1420 daAuts
